 Dungeon Sprint DCSS version 0.19-a0-1096-g8280678 (webtiles) character file.

50 Groucho the Ruffian (level 3, -2/34 HPs)
             Began as a Ghoul Fighter on Aug 8, 2016.
             Was a Priest of Uskayaw.
             Slain by a gargoyle
             ... wielding a +0 flail
              (11 damage)
             ... in the Dungeon (Sprint IX: "|||||||||||||||||||||||||||||").
             The game lasted 00:03:55 (203 turns).

Groucho the Ruffian (Ghoul Fighter)                  Turns: 203, Time: 00:03:56

Health: -2/34      AC: 10    Str: 20    XL:     3   Next: 79%
Magic:  2/2        EV:  7    Int:  3    God:    Uskayaw [***...]
Gold:   0          SH:  9    Dex: 14    Spells: 0 memorised, 2 levels left

rFire  . . .     SeeInvis .       - Unarmed
rCold  + . .     Gourm    .     a - +1 scale mail
rNeg   + + +     Faith    .     b - +0 shield
rPois  ∞         Spirit   .     o - +0 helmet
rElec  .         Dismiss  .     (no cloak)
rCorr  .         Reflect  .     p - +0 pair of gloves
SustAt .         Harm     .     (no boots)
MR     .....     NoTele   +     (no amulet)
Stlth  ..........               r - +3 ring of dexterity
                                q - +3 ring of dexterity

@: rotting
A: rotting body, claws 1, carnivore 3, cold resistance 1, negative energy
resistance 3, slow regeneration 1, torment resistance, unbreathing
a: Stomp, Line Pass, Renounce Religion


You were in the Dungeon.
You worshipped Uskayaw.
Uskayaw was noncommittal.
You were not hungry.

You visited 1 branch

Inventory:

Armour
 a - a +1 scale mail (worn)
 b - a +0 shield (worn)
 o - a +0 helmet (worn)
 p - a +0 pair of gloves (worn)
Jewellery
 q - a +3 ring of dexterity (left hand)
 r - a +3 ring of dexterity (right hand)
Wands
 n - a wand of lightning (7/15)
Scrolls
 j - 2 scrolls of blinking
 l - 3 scrolls of remove curse
 m - 2 scrolls of amnesia
Potions
 c - a potion of might
 e - 4 potions of curing
 f - 2 potions of heal wounds
 g - a potion of haste
 h - 4 potions of magic
 i - a potion of berserk rage
 k - a potion of invisibility
Comestibles
 d - a meat ration


   Skills:
 * Level 4.7 Fighting
 * Level 3.7 Armour
 + Level 0.0 Dodging
 * Level 4.0 Shields
 * Level 5.4 Unarmed Combat
 + Level 0.0 Invocations


You had 2 spell levels left.
You didn't know any spells.

Dungeon Overview and Level Annotations

Branches:
Dungeon (1/1)

Altars:
Cheibriados
Dithmenos
Elyvilon
Fedhas
Gozag
Hepliaklqana
Kikubaaqudgha
Makhleb
Nemelex Xobeh
Okawaru
Pakellas
Qazlal
Ru
Sif Muna
Trog
Uskayaw
Vehumet
Xom
Yredelemnul
Zin
The Shining One
Beogh
Jiyva
Lugonu


Innate Abilities, Weirdness & Mutations

Your body is rotting away.
You thrive on raw meat.
You are immune to poison.
You have sharp fingernails.
You are carnivorous and can eat meat at any time.
Your flesh is cold resistant. (rC+)
You are immune to negative energy. (rN+++)
You regenerate slowly when monsters are visible.
You are immune to unholy pain and torment.
You can survive without breathing.


Message History

Ouch! That really hurt!
* * * LOW HITPOINT WARNING * * *
The crimson imp grinds its teeth.
The crimson imp blinks!
You are too injured to fight recklessly!
You are too injured to fight recklessly!
Unknown command.
You are too injured to fight recklessly!
Unknown command.
You are too injured to fight recklessly!
You are too injured to fight recklessly!
You are too injured to fight recklessly!
You hit the gargoyle but do no damage.
The gargoyle is almost destroyed.
The gargoyle hurls a stone arrow at you.
You block the stone arrow.
You barely miss the gargoyle.
The gargoyle is almost destroyed.
The gargoyle hits you with a flail!
You die...

▓.▓
▓5▓
▓K▓
▓o▓
▓W▓
▓c▓
▓9▓
▓@▓
▓.▓
▓.▓
▓.▓
▓.▓
▓)▓
▓|▓
▓.▓
▓.▓


You could see a phantom, a gargoyle, a big kobold, a centaur, a crimson imp and
an orc.

Vanquished Creatures
  A crimson imp (D)
  An adder skeleton (D)
  A dart slug (D)
  2 giant geckos (D)
  An orc (D)
  A bat (D)
  A hobgoblin (D)
  A giant newt (D)
  A rat (D)
10 creatures vanquished.

Notes
Turn   | Place    | Note
-------+----------+-------------------------------------------
     0 | D        | Groucho the Ghoul Fighter began the quest for the Orb.
     0 | D        | Reached XP level 1. HP: 19/19 MP: 0/0
    21 | D        | Reached skill level 3 in Unarmed Combat
    24 | D        | Reached XP level 2. HP: 22/26 MP: 1/1
    32 | D        | Noticed a crimson imp
    44 | D        | Reached skill level 4 in Unarmed Combat
    59 | D        | Killed a crimson imp
    59 | D        | Reached skill level 5 in Unarmed Combat
    59 | D        | Reached XP level 3. HP: 27/33 MP: 2/2
   110 | D        | Found a glowing silver altar of Zin.
   110 | D        | Found a glowing golden altar of the Shining One.
   110 | D        | Found an ancient bone altar of Kikubaaqudgha.
   110 | D        | Found a basalt altar of Yredelemnul.
   110 | D        | Found a shimmering altar of Xom.
   110 | D        | Found a radiant altar of Vehumet.
   111 | D        | Found an iron altar of Okawaru.
   112 | D        | Found a burning altar of Makhleb.
   113 | D        | Found a deep blue altar of Sif Muna.
   114 | D        | Found a bloodstained altar of Trog.
   115 | D        | Found a sparkling altar of Nemelex Xobeh.
   116 | D        | Found a white marble altar of Elyvilon.
   117 | D        | Found a roughly hewn altar of Beogh.
   118 | D        | Found a viscous altar of Jiyva.
   119 | D        | Found a corrupted altar of Lugonu.
   120 | D        | Found a blossoming altar of Fedhas.
   121 | D        | Found a snail-covered altar of Cheibriados.
   122 | D        | Found a shadowy altar of Dithmenos.
   123 | D        | Found a stormy altar of Qazlal.
   124 | D        | Found an opulent altar of Gozag.
   125 | D        | Found a sacrificial altar of Ru.
   126 | D        | Found an oddly glowing altar of Pakellas.
   127 | D        | Found a hide-covered altar of Uskayaw.
   128 | D        | Found a hazy altar of Hepliaklqana.
   140 | D        | Became a worshipper of Uskayaw the Reveler
   188 | D        | Noticed a big kobold
   188 | D        | Noticed a phantom
   188 | D        | Noticed a centaur
   188 | D        | Noticed a gargoyle
   195 | D        | Reached * piety under Uskayaw
   198 | D        | Reached ** piety under Uskayaw
   200 | D        | Reached *** piety under Uskayaw
   203 | D        | Slain by a gargoyle

Vault maps used:
D:        linesprint

Skill      XL: |  1  2 |
---------------+-------+-----
Shields        | 3 4 |  4.0
Unarmed Combat | 3 5 |  5.4
Armour         | 3 |  3.7
Fighting       | 4 |  4.7

Action                   || total
-------------------------++-------
Melee: Unarmed           ||    57
  Use: Potion            ||     2
 Stab: Paralysed         ||     1
Armor: Scale mail        ||    16
Dodge: Dodged            ||    10
Block: Shield            ||    19
